 Dungeon Crawl Stone Soup version 0.21-a0-329-g12f17e1 (webtiles) character file.

8 vishdafish the Charmwright (level 2, 19/22 HPs)
             Began as a Demonspawn Skald on Oct 1, 2017.
             Quit the game on level 1 of the Dungeon.
             The game lasted 00:00:24 (223 turns).

vishdafish the Charmwright (Demonspawn Skald)        Turns: 223, Time: 00:00:25

Health: 19/22      AC:  3    Str: 11    XL:     2   Next: 0%
Magic:  5/5        EV: 12    Int: 14    God:
Gold:   21         SH:  0    Dex: 12    Spells: 4/5 levels left

rFire    . . .     SeeInvis .   a - +0 spear
rCold    . . .     Gourm    .   (no shield)
rNeg     . . .     Faith    .   b - +0 leather armour
rPois    .         Spirit   .   (no helmet)
rElec    .         Reflect  .   (no cloak)
rCorr    .         Harm     .   (no gloves)
MR       .....                  (no boots)
Stlth    +.........             (no amulet)
HPRegen  0.07/turn              (no ring)
MPRegen  0.09/turn              (no ring)

@: no status effects
A: rot immunity
a: no special abilities


You were on level 1 of the Dungeon.
You were not hungry.

You visited 1 branch of the dungeon, and saw 1 of its levels.

You collected 21 gold pieces.

Inventory:

Hand Weapons
 a - a +0 spear (weapon)
Armour
 b - a +0 leather armour (worn)
Scrolls
 e - a scroll of identify {unknown}
 i - a scroll of enchant weapon {unknown}
 j - a scroll of enchant armour {unknown}
Potions
 f - a potion of heal wounds {unknown}
 h - a potion of brilliance {unknown}
 k - 2 potions of berserk rage {unknown}
Books
 c - a book of Battle

   Spells                             Type                      Level
   a - Infusion                       Charms                       1
   b - Shroud of Golubria             Charms/Translocation         2
   c - Song of Slaying                Charms                       2
   d - Spectral Weapon                Hexes/Charms                 3
   e - Regeneration                   Charms/Necromancy            3
Comestibles
 d - a bread ration
 g - a fruit


   Skills:
 - Level 2.0 Fighting
 + Level 1.9 Polearms
 + Level 1.0 Armour
 + Level 2.1 Dodging
 - Level 2.0 Spellcasting
 * Level 2.8 Charms


You had 4 spell levels left.
You knew the following spells:

 Your Spells              Type           Power        Failure   Level  Hunger
a - Infusion              Chrm           #...         10%         1    ##.....


Dungeon Overview and Level Annotations

Branches:
Dungeon (1/15)

Altars:


Innate Abilities, Weirdness & Mutations

You are immune to rotting.


Message History

Magic restored.
A bat comes into view.
You see here 2 metallic brown potions.
The bat closely misses you.
You barely miss the bat. The bat barely misses you. x2
Attack whom?
Press: ? - help, Dir - move target cursor, f - bat
Aim: a bat You reach to attack!
You closely miss the bat. The bat barely misses you.
Attack whom?
Press: ? - help, Dir - move target cursor, f/p - bat
Aim: a bat You reach to attack!
You hit the bat.
You kill the bat!
You have reached level 2!
Your demonic ancestry asserts itself...
You feel immune to rotting.
k - 2 metallic brown potions A hobgoblin comes into view.
It is wielding a club.
Are you sure you want to abandon this character and quit the game? (Confirm with "yes".)

.≈≈..# #.# ≈≈≈≈.#
#.# ≈≈≈≈....#.#
≈≈≈≈.##.#.# ≈≈≈≈.#
#.# ≈≈≈..# #.#
........#.#########
##...##...........#
##########@.#
#......# ##.....#
....... ......#
.....g. .......
....#..


You could see a hobgoblin.

Vanquished Creatures
  A leopard gecko (D:1)
  A giant cockroach (D:1)
  2 bats (D:1)
  5 frilled lizards (D:1)
9 creatures vanquished.

Notes
Turn   | Place    | Note
-------+----------+-------------------------------------------
     0 | D:1      | vishdafish the Demonspawn Skald began the quest for the Orb.
     0 | D:1      | Reached XP level 1. HP: 16/16 MP: 3/3
   161 | D:1      | Reached skill level 1 in Armour
   218 | D:1      | Gained mutation: You are immune to rotting. [demonic ancestry]
   218 | D:1      | Reached XP level 2. HP: 19/22 MP: 5/5
   223 | D:1      | Quit the game

Vault maps used:
D:1:      elethiomel_arrival_maze, minmay_lizard_pond

Skill      XL: |  1 |
---------------+----+-----
Dodging        | 2 |  2.1
Armour         | 1 |  1.0
Fighting       | |  2.0
Polearms       | |  1.9
Spellcasting   | |  2.0
Charms         | |  2.8

Action                   || total
-------------------------++-------
Melee: Spear             ||    31
 Cast: Infusion          ||     1
Armor: Leather armour    ||    11
Dodge: Dodged            ||    23

Table legend:
 A = Spawn XP
 B = Non-spawn XP
 C = Spawn XP percentage of total XP
 D = Spawn monster count
 E = Non-spawn monster count
 F = Spawn count percentage of total count
 G = Total turns spent on level
                    A         B        C        D         E        F      G
               +---------+---------+-------+---------+---------+-------+---------
         Total |       0 |      12 |   0.0 |       0 |       9 |   0.0 |   223
               +---------+---------+-------+---------+---------+-------+---------
           D:1 |       0 |      12 |   0.0 |       0 |       9 |   0.0 |   223
               +---------+---------+-------+---------+---------+-------+---------
